 Dungeon Crawl Stone Soup version 0.26-a0-812-g31a745ddcd (webtiles) character file.

Game seed: 1679608491404003922

2660 Flubbersnuff the Protected (level 9, -7/82 HPs)
             Began as a Minotaur Fighter on Dec 8, 2020.
             Killed from afar by an electric eel (8 damage)
             ... with a bolt of electricity
             ... on level 7 of the Dungeon.
             The game lasted 00:27:08 (7428 turns).

Flubbersnuff the Protected (Minotaur Fighter)       Turns: 7428, Time: 00:27:08

Health: -7/82      AC: 13    Str: 25    XL:     9   Next: 36%
Magic:  8/8        EV:  7    Int:  5    God:
Gold:   403        SH:  9    Dex:  9    Spells: 8/8 levels left

rFire    x . .     SeeInvis .   A - +0 rapier (speed)
rCold    + . .     Faith    .   c - +0 kite shield
rNeg     . . .     Spirit   .   u - +0 plate armour
rPois    .         Reflect  .   (helmet restricted)
rElec    .         Harm     .   (no cloak)
rCorr    .         Rampage  .   (no gloves)
MR       .....                  (no boots)
Stlth    ..........             s - amulet of regeneration
HPRegen  0.63/turn              t - ring of stealth
MPRegen  0.11/turn              r - ring of ice

@: studying Transmutations
A: retaliatory headbutt, horns 2
a: no special abilities


You were on level 7 of the Dungeon.
You visited 1 branch of the dungeon, and saw 7 of its levels.

You collected 423 gold pieces.
You spent 20 gold pieces at shops.

Inventory:

Hand Weapons
 o - a +0 falchion
 A - a +0 rapier of speed (weapon)
Armour
 c - a +0 kite shield (worn)
 u - a +0 plate armour (worn)
Jewellery
 q - an uncursed ring of fire
 r - a ring of ice (right hand)
 s - an amulet of regeneration (around neck)
 t - a ring of stealth (left hand)
Wands
 v - a wand of digging (9)
Scrolls
 a - a scroll of amnesia
 e - a scroll of blinking
 f - 4 scrolls of remove curse
 i - 3 scrolls of identify
 k - 8 scrolls of teleportation
 m - 2 scrolls of magic mapping
 y - a scroll of fear
 B - a scroll of fog
Potions
 d - 2 potions of might
 g - 3 potions of invisibility
 h - a potion of resistance
 j - 3 potions of heal wounds
 l - 2 potions of mutation {unknown}
 n - a potion of haste {unknown}
 p - a potion of brilliance {unknown}
 w - 2 potions of curing
 x - a potion of berserk rage {unknown}
 z - a potion of lignification {unknown}
Books
 b - a manual of Transmutations


   Skills:
 + Level 8.5 Fighting
 + Level 8.0 Long Blades
 + Level 8.5 Armour
 + Level 6.8 Dodging
 - Level 3.6 Shields


You had 8 spell levels left.
You didn't know any spells.
Your spell library contained the following spells:

 Spells                   Type           Power        Failure   Level
 Confusing Touch          Hex            #.......     100%        3
 Gell's Gravitas          Tloc           #.........   100%        3
 Petrify                  Tmut/Erth      #.......     100%        4
 Metabolic Englaciation   Hex/Ice        #.........   100%        5
 Yara's Violent Unravell  Hex/Tmut       #.........   100%        5


Dungeon Overview and Level Annotations

Branches:
Dungeon (7/15)
 Temple: D:4-7

Altars:
Xom

Shops:
D:4 }?*   D:6 =


Innate Abilities, Weirdness & Mutations

You reflexively headbutt those who attack you in melee.
You have a pair of horns on your head.


Message History

The bolt of electricity hits you!
The electric eel shoots out a bolt of lightning at you!
The bolt of electricity hits you!
* * * LOW HITPOINT WARNING * * *
The electric eel shoots out a bolt of lightning at you!
The bolt of electricity hits you.
* * * LOW HITPOINT WARNING * * *
The electric eel shoots out a bolt of lightning at you!
The bolt of electricity hits you!
* * * LOW HITPOINT WARNING * * *
The electric eel shoots out a bolt of lightning at you!
The bolt of electricity misses you.
The electric eel shoots out a bolt of lightning at you!
The bolt of electricity hits you!
* * * LOW HITPOINT WARNING * * *
There is an open door here.
Unknown command.
The electric eel shoots out a bolt of lightning at you!
The bolt of electricity hits you!
You die...

..#....#.#;≈.P..
#≈#..<...#
.......#.#≈≈)PP.
+#.########
......##≈##≈/[≈. #..#
.....##≈##########≈##
.....#≈##;.≈P..##≈≈#
.###.#.#≈;.≈≈...#≈##
.....#.#≈??≈....#≈#
#.####.#≈≈[....'#.#
....##'##≈;!≈..#@.#
.>..#...########.##
....##.##....# ###
....##....#.##
....#####.### #####
#.# #.# ######.#
####......#


You could see 2 electric eels.

Vanquished Creatures
  2 orc warriors (D:6)
  3 sky beasts
  3 ice beasts
  3 ogres
  A necrophage (D:7)
  3 phantoms
  A centaur (D:5)
  3 bullfrogs
  A scorpion (D:4)
  2 howler monkeys
  A centaur zombie (D:5)
  A centaur skeleton (D:7)
  An orc priest (D:4)
  5 hounds
  A jelly (D:6)
  2 bullfrog skeletons
  2 worker ants
  2 iguanas (D:5)
  5 orc wizards
  A killer bee zombie (D:6)
  A hound skeleton (D:4)
  A worker ant zombie (D:3)
  Robin (D:3)
  9 gnolls
  10 adders
  3 white imps
  An ufetubus (D:6)
  An ooze (D:4)
  An adder zombie (D:7)
  4 adder skeletons
  A worm (D:4)
  3 dart slugs
  12 orcs
  3 giant cockroaches
  13 goblins
  3 hobgoblins
  8 jackals
  7 kobolds
  5 quokkas
  A ball python (D:3)
  5 bats
  4 frilled lizards
  6 rats
  2 bushes (D:4)
148 creatures vanquished.

Vanquished Creatures (others)
  5 plants
5 creatures vanquished.

Grand Total: 153 creatures vanquished

Notes
Turn   | Place    | Note
-------+----------+-------------------------------------------
     0 | D:1      | Flubbersnuff the Minotaur Fighter began the quest for the
                  | Orb.
     0 | D:1      | Reached XP level 1. HP: 19/19 MP: 0/0
   336 | D:1      | Reached XP level 2. HP: 26/27 MP: 1/1
   888 | D:2      | Reached skill level 1 in Dodging
   970 | D:2      | Reached XP level 3. HP: 33/33 MP: 2/2
  1272 | D:2      | Reached XP level 4. HP: 34/41 MP: 3/3
  1785 | D:3      | Noticed Robin
  1787 | D:3      | Killed Robin
  2063 | D:3      | Reached XP level 5. HP: 44/47 MP: 4/4
  2749 | D:4      | Noticed a phantom
  2826 | D:4      | Noticed a phantom
  3049 | D:4      | Reached skill level 5 in Fighting
  3049 | D:4      | Reached skill level 5 in Armour
  3114 | D:4      | Found Hiehy's Gadget Boutique.
  3217 | D:3      | Reached XP level 6. HP: 29/56 MP: 5/5
  4079 | D:4      | Reached skill level 5 in Long Blades
  4079 | D:4      | Reached XP level 7. HP: 33/62 MP: 6/6
  4403 | D:4      | Found Husm's Magic Scroll Boutique.
  4406 | D:4      | Bought a scroll of identify for 20 gold pieces
  4437 | D:4      | Found Pujuopn's Assorted Antiques.
  4555 | D:5      | Entered Level 5 of the Dungeon
  5108 | D:5      | Reached XP level 8. HP: 22/71 MP: 7/7
  5349 | D:5      | Found a shimmering altar of Xom.
  5590 | D:5      | Reached skill level 5 in Dodging
  6507 | D:6      | Reached XP level 9. HP: 34/81 MP: 8/8
  6676 | D:6      | Found Wihanwoo's Jewellery Shoppe.
  7427 | D:7      | HP: 1/82 [electric eel/bolt of electricity (11)]
  7428 | D:7      | Killed from afar by an electric eel

Illustrated notes

Levels and vault maps discovered:
D:1:      beargit_arrival_greenhouse, layout_loops_cross
D:2:      layout_loops_ring, serial_rivers, chequers_serial_rivers_large_a,
          chequers_serial_rivers_micro_a, chequers_serial_rivers_micro_b,
          chequers_serial_rivers_small_3
D:3:      layout_loops_ring, uniq_robin
D:4:      layout_loops_cross, serial_shops, shop, kennysheep_mini,
          nicolae_shop_overgrown_old_shop, cheibrodos_gnoll_hut
D:5:      layout_loops_cross, xom_teletrap_fun
D:6:      layout_basic, serial_shops, nicolae_shop_crystal, minmay_manual_maat
D:7:      cheibrodos_two_vegetables, layout_loops_cross,
          minmay_temple_entry_glassed_door

Skill      XL: |  1  2  3  4  5  6  7  8  9 |
---------------+----------------------------+-----
Fighting       | 4 5 6 8 |  8.5
Armour         | 4 5 6 7 8 |  8.5
Dodging        | 1 2 3 4 6 |  6.8
Long Blades    | 3 4 5 6 7 8 |  8.0
Shields        | |  3.6

Action                   |  1- 3 |  4- 6 |  7- 9 || total
-------------------------+-------+-------+-------++-------
Melee: Long sword        |    70 |   304 |    23 ||   397
       Headbutt          |    10 |    72 |    77 ||   159
       Falchion          |       |       |   240 ||   240
       Rapier            |       |       |    64 ||    64
  Use: Scroll            |       |       |    14 ||    14
       Potion            |       |       |     4 ||     4
Armor: Scale mail        |    36 |    67 |    36 ||   139
       Plate armour      |       |       |    64 ||    64
Dodge: Dodged            |    27 |    60 |    79 ||   166
Block: Kite shield       |    34 |    88 |   110 ||   232
       Rpst.: Long sword |     7 |    13 |     3 ||    23
       Falchion          |       |       |    14 ||    14

Table legend: (Time is in decaauts)
 A = Elapsed time spent in this place.
 B = Non-inter-level travel time spent in this place.
 C = Inter-level travel time spent in this place.
 D = Time resting spent in this place.
 E = Time spent auto-exploring this place.
 F = Levels seen in this place.
 G = Mean time per level.
                   A        B        C        D        E       F      G
               +--------+--------+--------+--------+--------+-----+--------+
         Total |   7570 |   7031 |    539 |   1904 |   3213 |   7 | 1081.4 |
       Dungeon |   7570 |   7031 |    539 |   1904 |   3213 |   7 | 1081.4 |
               +--------+--------+--------+--------+--------+-----+--------+

Top non-repeatable levels by time:
     D:4: 1688 daAuts
     D:3: 1398 daAuts
     D:5: 1352 daAuts
     D:6: 1036 daAuts
     D:2: 1031 daAuts
     D:1: 783 daAuts
     D:7: 279 daAuts
